 Dungeon Crawl Stone Soup version 0.30-a0-263-ge22c4ad894 (webtiles) character file.

Game seed: 12072861391366340844

46 gzilladon the Chopper (level 3, 0/33 HPs)
             Began as a Hill Orc Monk on Oct 13, 2022.
             Slain by a hobgoblin (3 damage)
             ... on level 2 of the Dungeon.
             The game lasted 00:04:13 (857 turns).

gzilladon the Chopper (Hill Orc Monk)                Turns: 857, Time: 00:04:13

Health: 0/33       AC:  2    Str: 15    XL:     3   Next: 68%
Magic:  3/3        EV: 12    Int: 10    God:
Gold:   43         SH:  0    Dex: 13    Spells: 2/2 levels left

rFire   . . .      SeeInvis .    a - +0 hand axe
rCold   . . .      Faith    .    (no shield)
rNeg    . . .      Spirit   .    b - +0 robe
rPois   .          Reflect  .    (no helmet)
rElec   .          Harm     .    (no cloak)
rCorr   .          Rampage  .    (no gloves)
Will    .....                    (no boots)
Stlth   ++........               (no amulet)
HPRegen 0.25/turn                (no ring)
MPRegen 0.08/turn                (no ring)

@: lethally poisoned (0 -> -2)
A: no striking features
a: no special abilities


You were on level 2 of the Dungeon.
You visited 1 branch of the dungeon, and saw 2 of its levels.

You collected 43 gold pieces.

Inventory:

Hand Weapons
 a - a +0 hand axe (weapon)
Armour
 b - a +0 robe (worn)
Scrolls
 d - a scroll of noise {unknown}
Potions
 c - a potion of ambrosia
 e - a potion of might {unknown}


   Skills:
 + Level 3.9 Fighting
 * Level 5.5 Axes
 + Level 2.6 Dodging
 + Level 1.6 Stealth


You had 2 spell levels left.
You didn't know any spells.
Your spell library contained the following spells:

 Spells                   Type           Power      Damage    Failure   Level
 Shock                    Conj/Air       0%         1d3       36%         1
 Swiftness                Air            0%         N/A       75%         3
 Airstrike                Air            0%         2d(0-16)  98%         4


Dungeon Overview and Level Annotations

Branches:
Dungeon (2/15)

Altars:


Message History

A kobold comes into view. It is wielding a +0 short sword.
A hobgoblin comes into view.
Found 2 poisoned darts and 15 gold pieces.
There are monsters nearby!
The kobold shouts!
You hear an angry hiss.
An adder comes into view.
You hit the kobold.
You kill the kobold!
An adder comes into view.
Things that are here:
a +0 short sword; 2 stones; a kobold corpse The adder hisses angrily.
The hobgoblin shouts!
The adder attacks as you move away! The adder bites you but does no damage.
Things that are here:
a +0 short sword; 2 stones; a kobold corpse You barely miss the adder.
The adder bites you. x2
You are poisoned.
The adder poisons you!
You hit the adder.
The adder is severely wounded.
You feel sick. The adder closely misses you.
You hit the adder.
The adder is almost dead.
You hit the hobgoblin.
You feel sick. The adder closely misses you.
The hobgoblin hits you but does no damage.
The adder barely misses you.
You barely miss the adder.
The adder is almost dead.
You barely miss the hobgoblin. You barely miss the adder.
You feel sick. The adder bites you.
* * * LOW HITPOINT WARNING * * *
The hobgoblin hits you.
* * * LOW HITPOINT WARNING * * *
The adder barely misses you. The adder bites you but does no damage.
You hit the adder but do no damage.
The adder is almost dead.
You hit the adder but do no damage. You hit the hobgoblin but do no damage.
* * * LOW HITPOINT WARNING * * *
You feel sick. The hobgoblin hits you.
You die...

..............
....(....$...
...#........
..##..#............
..#............#...
.................
..#.#.....###...#
......gSS.......#
...##(.@...#...#
....#......#...##
............<...#
#.#....†...........#
#...................
##......(...........
#..................
#..................
#..................


You could see 2 adders and a hobgoblin.

Vanquished Creatures
  An adder (D:2)
  3 dart slugs (D:1)
  4 endoplasms
  A goblin (D:1)
  2 jackals (D:1)
  3 kobolds
  2 quokkas (D:1)
  4 ball pythons (D:1)
  6 bats (D:1)
  3 frilled lizards (D:1)
  4 rats (D:1)
33 creatures vanquished.

Vanquished Creatures (others)
  5 fungi (D:1)
  6 plants (D:1)
11 creatures vanquished.

Grand Total: 44 creatures vanquished

Notes
Turn   | Place    | Note
-------+----------+-------------------------------------------
     0 | D:1      | gzilladon the Hill Orc Monk began the quest for the Orb.
     0 | D:1      | Reached XP level 1. HP: 19/19 MP: 1/1
   111 | D:1      | Reached XP level 2. HP: 27/27 MP: 2/2
   186 | D:1      | Found a faded altar of an unknown god.
   280 | D:1      | Reached skill level 5 in Axes
   280 | D:1      | Reached XP level 3. HP: 20/33 MP: 3/3
   857 | D:2      | Slain by a hobgoblin

Illustrated notes

Levels and vault maps discovered:
D:1:      lemuel_arrival_broad_hall, layout_loops_ring,
          shapermc_ecumenical_altar_mp_ritualfount, minmay_tromino_v2
D:2:      layout_rooms

Skill      XL: |  1  2 |
---------------+-------+-----
Axes           | 5 |  5.5
Fighting       | |  3.9
Dodging        | |  2.6
Stealth        | |  1.6

Action                   || total
-------------------------++-------
Melee: Hand axe          ||   107
 Stab: Sleeping          ||     1
Armor: Robe              ||    26
Dodge: Dodged            ||    78

Table legend: (Time is in decaauts)
 A = Elapsed time spent in this place.
 B = Non-inter-level travel time spent in this place.
 C = Inter-level travel time spent in this place.
 D = Time resting spent in this place.
 E = Time spent auto-exploring this place.
 F = Levels seen in this place.
 G = Mean time per level.
                   A        B        C        D        E       F      G
               +--------+--------+--------+--------+--------+-----+--------+
         Total |    864 |    784 |     80 |    120 |      0 |   2 |  432.0 |
       Dungeon |    864 |    784 |     80 |    120 |      0 |   2 |  432.0 |
               +--------+--------+--------+--------+--------+-----+--------+

Top non-repeatable levels by time:
     D:1: 803 daAuts
     D:2: 60 daAuts
